 Dungeon Sprint DCSS version 0.27-a0-978-g2aa4ecdaef (webtiles) character file.

Game seed: 12140216373012943847

93 mhtbhm the Geomancer (level 4, -6/24 HPs)
             Began as a Gargoyle Earth Elementalist on Apr 15, 2021.
             Was an Initiate of Vehumet.
             Mangled by a two-headed ogre
             ... wielding a +0 giant spiked club
              (19 damage)
             ... in the Dungeon (Sprint IX: "|||||||||||||||||||||||||||||").
             The game lasted 00:01:02 (674 turns).

mhtbhm the Geomancer (Gargoyle Earth Elementalist)   Turns: 674, Time: 00:01:02

Health: -6/24      AC:  6    Str: 12    XL:     4   Next: 61%
Magic:  7/10       EV: 14    Int: 19    God:    Vehumet [......]
Gold:   0          SH:  0    Dex: 10    Spells: 11/12 levels left

rFire    . . .     SeeInvis .   a - +4 quarterstaff of Oximi {vorpal, rN+}
rCold    . . .     Faith    .   (shield currently unavailable)
rNeg     + + .     Spirit   .   c - +0 robe
rPois    ∞         Reflect  .   k - +0 helmet
rElec    +         Harm     .   (no cloak)
rCorr    .         Rampage  .   (no gloves)
Will     .....     NoTele   +   (no boots)
Stlth    ++........             (no amulet)
HPRegen  0.08/turn              m - +2 ring of evasion
MPRegen  0.12/turn              n - +3 ring of intelligence

@: no status effects
A: AC +3, negative energy resistance 1, electricity resistance, torment
resistance 1, unbreathing 1, petrification resistance
a: Renounce Religion


You were in the Dungeon.
You worshipped Vehumet.
Vehumet was noncommittal.
You visited 1 branch

Inventory:

Hand Weapons
 a - the +4 quarterstaff of Oximi (weapon) {vorpal, rN+}
   (You found it in the Dungeon)

   It inflicts extra damage upon your enemies.
   It protects you from negative energy.
Missiles
 b - 17 stones
Armour
 c - a +0 robe (worn)
 k - a +0 helmet (worn)
Jewellery
 m - a +2 ring of evasion (left hand)
 n - a +3 ring of intelligence (right hand)
Wands
 j - a wand of acid (9)
Scrolls
 h - 2 scrolls of amnesia
 i - 2 scrolls of blinking
Potions
 d - 5 potions of curing
 e - 3 potions of heal wounds
 f - a potion of haste
 g - 3 potions of magic
 l - a potion of invisibility


   Skills:
 + Level 2.8 Dodging
 - Level 3.8 Stealth
 + Level 4.6 Spellcasting
 + Level 1.0 Transmutations
 + Level 8.1 Earth Magic


You had 11 spell levels left.
You knew the following spells:

 Your Spells              Type           Power      Damage    Failure   Level
a - Sandblast             Erth           70%        2d15      1%          1

Your spell library contained the following spells:

 Spells                   Type           Power      Damage    Failure   Level
 Passwall                 Tmut/Erth      17%        N/A       3%          2
 Stone Arrow              Conj/Erth      38%        3d9       8%          3
 Lee's Rapid Deconstruct  Erth           17%        3d12*     13%         5
 Petrify                  Tmut/Erth      21%        N/A       21%         4


Dungeon Overview and Level Annotations

Branches:
Dungeon (1/1)

Altars:
Cheibriados
Dithmenos
Elyvilon
Fedhas
Gozag
Hepliaklqana
Kikubaaqudgha
Makhleb
Nemelex Xobeh
Okawaru
Qazlal
Ru
Sif Muna
Trog
Uskayaw
Vehumet
Wu Jian
Xom
Yredelemnul
Zin
The Shining One
Beogh
Jiyva
Lugonu


Innate Abilities, Weirdness & Mutations

Your stone body is resilient. (AC +3)
You are immune to poison.
You resist negative energy. (rN+)
You are resistant to electric shocks. (rElec)
You are resistant to unholy torment.
You can survive without breathing.
You are immune to petrification.


Message History

Your Transmutations skill increases to level 1!
Your Earth Magic skill increases to level 8!
Unknown command.
Aiming: Corrosive Bolt
Press: ? - help, Shift-Dir - straight line, f - two-headed ogre
Aim: a two-headed ogre, wielding a +0 giant spiked club and a +0 giant club (14% to evade)
The bolt of acid hits the two-headed ogre!
The two-headed ogre is splashed with acid.
The acid corrodes the two-headed ogre!
The two-headed ogre is moderately wounded.
The bolt of acid hits the kobold demonologist.
The kobold demonologist is splashed with acid.
The kobold demonologist is moderately wounded.
The bolt of acid hits the quokka zombie!
The quokka zombie is splashed with acid.
The acid corrodes the quokka zombie!
You destroy the quokka zombie!
Vehumet accepts your kill.
The bolt of acid misses the wraith.
Unknown command.
Casting: Sandblast (safe; 1% risk of failure)
Confirm with . or Enter, or press ? or * to list all spells.
Aiming: Sandblast (safe; 1% risk of failure)
Press: ? - help, Shift-Dir - straight line, f/p - two-headed ogre
Aim: a two-headed ogre, wielding a +0 giant spiked club and a +0 giant club (moderately wounded, covered in acid, 9% to evade)
The blast of sand hits the two-headed ogre!
The two-headed ogre is heavily wounded.
The two-headed ogre barely misses you. The two-headed ogre misses you.
Unknown command.
Casting: Sandblast (safe; 1% risk of failure)
Confirm with . or Enter, or press ? or * to list all spells.
Aiming: Sandblast (safe; 1% risk of failure)
Press: ? - help, Shift-Dir - straight line, f/p - two-headed ogre
Aim: a two-headed ogre, wielding a +0 giant spiked club and a +0 giant club (heavily wounded, covered in acid, 9% to evade)
The blast of sand hits the two-headed ogre.
The two-headed ogre is severely wounded.
The two-headed ogre hits you with a +0 giant spiked club!
The two-headed ogre hits you with a +0 giant club!!
Ouch! That really hurt!
You die... ▓▓▓▓▓▓▓▓▓▓▓▓▓▓▓▓▓▓▓▓▓▓▓▓ ...ZWKO@.[[..)..'_______ ▓▓▓▓▓▓▓▓▓▓▓▓▓▓▓▓▓▓▓▓▓▓▓▓

You could see a two-headed ogre (corroded), a kobold demonologist, a wraith and a bat zombie.

Vanquished Creatures
  2 hounds (D)
  An orc wizard (D)
  An orc (D)
  A hobgoblin (D)
  2 quokkas (D)
  A frilled lizard (D)
  A kobold (D)
  A quokka zombie (D)
  2 rats (D)
12 creatures vanquished.

Notes
Turn   | Place    | Note
-------+----------+-------------------------------------------
     0 | D        | mhtbhm the Gargoyle Earth Elementalist began the quest for
                  | the Orb.
     0 | D        | Reached XP level 1. HP: 10/10 MP: 3/3
     5 | D        | Reached skill level 4 in Earth Magic
     5 | D        | Banished a spatial maelstrom
    21 | D        | Banished a spatial maelstrom
   403 | D        | Noticed a hound
   403 | D        | Noticed a hound
   409 | D        | Killed a hound
   410 | D        | Reached skill level 6 in Earth Magic
   410 | D        | Reached XP level 2. HP: 6/15 MP: 1/6
   410 | D        | Reached XP level 3. HP: 8/19 MP: 1/8
   413 | D        | Reached skill level 7 in Earth Magic
   413 | D        | Reached XP level 4. HP: 13/24 MP: 0/10
   611 | D        | Found a snail-covered altar of Cheibriados.
   611 | D        | Found a shadowy altar of Dithmenos.
   611 | D        | Found a white marble altar of Elyvilon.
   611 | D        | Found a blossoming altar of Fedhas.
   611 | D        | Found an opulent altar of Gozag.
   612 | D        | Found a hazy altar of Hepliaklqana.
   613 | D        | Found a viscous altar of Jiyva.
   614 | D        | Found an ancient bone altar of Kikubaaqudgha.
   615 | D        | Found a corrupted altar of Lugonu.
   616 | D        | Found a burning altar of Makhleb.
   617 | D        | Found a sparkling altar of Nemelex Xobeh.
   618 | D        | Found an iron altar of Okawaru.
   619 | D        | Found a stormy altar of Qazlal.
   620 | D        | Found a sacrificial altar of Ru.
   621 | D        | Found a shimmering blue altar of Sif Muna.
   622 | D        | Found a bloodstained altar of Trog.
   623 | D        | Found a hide-covered altar of Uskayaw.
   624 | D        | Found a radiant altar of Vehumet.
   625 | D        | Found an ornate altar of the Wu Jian Council.
   626 | D        | Found a shimmering altar of Xom.
   627 | D        | Found a basalt altar of Yredelemnul.
   628 | D        | Found a glowing silver altar of Zin.
   629 | D        | Found a glowing golden altar of the Shining One.
   632 | D        | Became a worshipper of Vehumet
   657 | D        | Got the +4 quarterstaff of Oximi {vorpal, rN+}
   670 | D        | Noticed a wraith
   670 | D        | Noticed a kobold demonologist
   670 | D        | Noticed a two-headed ogre
   672 | D        | Reached skill level 1 in Transmutations
   672 | D        | Reached skill level 8 in Earth Magic
   674 | D        | Mangled by a two-headed ogre

Illustrated notes

Levels and vault maps discovered:
D:        linesprint [early_d, line_temple, items_1, d_10, items_2, lair_1,
          lair_end, items_3, orc_1, orc_end, items_4, d_15, swamp_1, shoals_1,
          snake_1, spider_1, d_20, vaults_1, items_5, swamp_end, shoals_end,
          snake_end, spider_end, vaults_end, d_27, items_6, zot_1, zot_end,
          crypt_end, forest_end, elf_end, slime_end, tomb_end, abyss_end,
          pan_hell_end]

Skill      XL: |  1  2  3  4 |
---------------+-------------+-----
Earth Magic    | 6 7 8 |  8.1
Dodging        | 2 |  2.8
Stealth        | 3 |  3.8
Spellcasting   | 3 4 |  4.6
Transmutations | 1 |  1.0

Action                   |  1- 3 |  4- 6 || total
-------------------------+-------+-------++-------
Melee: Unarmed           |     1 |     6 ||     7
 Cast: Sandblast         |    12 |     3 ||    15
Evoke: Wand              |       |     1 ||     1
  Use: Potion            |     2 |       ||     2
Armor: Robe              |     2 |     2 ||     4
Dodge: Dodged            |     6 |     2 ||     8

Table legend: (Time is in decaauts)
 A = Elapsed time spent in this place.
 B = Non-inter-level travel time spent in this place.
 C = Inter-level travel time spent in this place.
 D = Time resting spent in this place.
 E = Time spent auto-exploring this place.
 F = Levels seen in this place.
 G = Mean time per level.
                   A        B        C        D        E       F      G
               +--------+--------+--------+--------+--------+-----+--------+
         Total |    678 |    678 |      0 |    569 |      3 |   1 |  678.0 |
       Dungeon |    678 |    678 |      0 |    569 |      3 |   1 |  678.0 |
               +--------+--------+--------+--------+--------+-----+--------+

Top non-repeatable levels by time:
       D: 678 daAuts
